 Dungeon Crawl Stone Soup version 0.18-a0-917-g8a3da5b (webtiles) character file.

139 st0uf the Skirmisher (level 5, 0/43 HPs)
             Began as a Formicid Abyssal Knight on Dec 26, 2015.
             Was a Believer of Lugonu.
             Succumbed to an orc wizard's poison
             ... on level 3 of the Dungeon.
             The game lasted 00:09:15 (2348 turns).

st0uf the Skirmisher (Formicid Abyssal Knight)      Turns: 2348, Time: 00:09:15

Health: 0/43       AC: 10    Str: 18    XL:     5   Next: 46%
Magic:  2/7        EV:  7    Int: 11    God:    Lugonu [**....]
Gold:   126        SH:  0    Dex: 10    Spells: 0 memorised, 4 levels left

rFire  + . .     SeeInvis +     a - +1 falchion
rCold  . . .     Gourm    .     p - +0 chain mail
rNeg   . . .     Faith    .     (no shield)
rPois  .         Spirit   +     (helmet unavailable)
rElec  .         Dismiss  .     m - +0 cloak
rCorr  .         Reflect  .     (no gloves)
SustAt .         Harm     .     (no boots)
MR     .....                    f - amulet of guardian spirit
Stlth  ..........               (no ring)
                                l - ring of protection from fire

@: lethally poisoned (0 -> -8), not resistant to hostile enchantments, extremely
unstealthy
A: permanent stasis, dig shafts and tunnels, four strong arms, antennae 3
a: Dig, Shaft Self, Depart the Abyss, Bend Space, Renounce Religion


You were on level 3 of the Dungeon.
You worshipped Lugonu.
Lugonu was pleased with you.
You were not hungry.

You visited 1 branch of the dungeon, and saw 3 of its levels.
You visited the Abyss 1 time.

You collected 126 gold pieces.

Inventory:

Hand Weapons
 a - a +1 falchion (weapon)
Armour
 m - a +0 cloak (worn)
 p - a +0 chain mail (worn)
Jewellery
 f - an amulet of guardian spirit (around neck)
 l - a ring of protection from fire (left hand)
Scrolls
 d - a scroll of remove curse {unknown}
 e - a scroll of enchant armour {unknown}
 g - 3 scrolls of identify {unknown}
 n - a scroll of enchant weapon {unknown}
 q - a scroll of amnesia {unknown}
 s - a scroll of random uselessness {unknown}
Potions
 b - a potion of cure mutation {unknown}
 h - a potion of resistance
 i - a potion of flight {unknown}
 j - a potion of degeneration {unknown}
Books
 r - a book of Party Tricks

   Spells                             Type                      Level
   a - Summon Butterflies             Summoning                    1
   b - Apportation                    Translocation                1
   c - Tukima's Dance                 Hexes                        3
   d - Alistair's Intoxication        Transmutation/Poison         4
   e - Invisibility                   Hexes                        6
Comestibles
 c - 2 bread rations
 k - 7 chunks of flesh
 o - 2 meat rations


   Skills:
 + Level 4.4 Fighting
 + Level 2.8 Long Blades
 + Level 3.1 Armour
 + Level 1.6 Dodging
 * Level 3.3 Invocations


You had 4 spell levels left.
You didn't know any spells.

Dungeon Overview and Level Annotations

Branches:
Dungeon (3/15)

Altars:
Trog
The Shining One


Innate Abilities, Weirdness & Mutations

You are under a permanent stasis effect.
You can dig through walls and to a lower floor.
Your four strong arms can wield two-handed weapons with a shield.
You have a pair of large antennae on your head (SInv).


Message History

You feel sick. The orc barely misses you. The orc wizard closely misses you.
You aren't in the Abyss!
Space bends around you!
You blink.
* * * LOW HITPOINT WARNING * * *
You feel slightly more hungry.
* * * LOW HITPOINT WARNING * * *
You feel sick.
You slash the orc wizard!
The orc wizard is heavily wounded.
* * * LOW HITPOINT WARNING * * *
You feel sick. The orc wizard hits you with a dagger.
You closely miss the orc wizard.
The orc wizard is heavily wounded.
* * * LOW HITPOINT WARNING * * *
You feel sick.
The orc wizard gestures wildly while chanting.
The orc wizard flickers and vanishes for a moment.
You closely miss the orc wizard.
The orc wizard is heavily wounded.
You die...

#.#.# .# #.#.# .#
#.#.# .# # #
##.#.##.##.#
#..##..#........
#...........##
!.#.......#
#.######.###{..##.#
#.....@o## ##{.# ..
########o###.#.# ##
##.#.##.# #.#
##)###.# #.## #.#
#.# ...# #.# #.#
#..# #.###.# #..#
#.##..####### #..#
##### #.#..........


You could see an orc wizard (invisible) and an orc.

Vanquished Creatures
  An orc wizard (D:3)
  Ijyb (D:3)
  3 adders (D:2)
  A gnoll (D:1)
  3 worms
  3 ball pythons
  A bat (D:2)
  2 giant cockroaches
  4 goblins
  9 hobgoblins
  A jackal (D:1)
  6 giant newts
  5 kobolds
  A quokka (D:2)
  3 rats
44 creatures vanquished.

Notes
Turn   | Place    | Note
--------------------------------------------------------------
     0 | Abyss:1  | st0uf the Formicid Abyssal Knight began the quest for the Orb.
     0 | Abyss:1  | Reached XP level 1. HP: 18/18 MP: 2/2
    13 | D:1      | Escaped the Abyss
    25 | D:1      | Noticed an electric eel
   375 | D:1      | Reached XP level 2. HP: 22/24 MP: 3/3
   522 | D:1      | Reached skill level 1 in Dodging
   644 | D:1      | Reached XP level 3. HP: 10/30 MP: 4/4
   901 | D:1      | Reached skill level 4 in Fighting
  1361 | D:2      | Reached XP level 4. HP: 29/37 MP: 5/5
  1642 | D:2      | Reached ** piety under Lugonu
  2097 | D:2      | Found a bloodstained altar of Trog.
  2176 | D:2      | Found a glowing golden altar of the Shining One.
  2306 | D:3      | Noticed Ijyb
  2312 | D:3      | Killed Ijyb
  2312 | D:3      | Reached XP level 5. HP: 41/43 MP: 7/7
  2346 | D:3      | HP: 2/43 [poisoned by an orc wizard]
  2348 | D:3      | Succumbed to an orc wizard's poison

Vault maps used:
D:1:      arrival_aquarium_a, st_stairs_9
D:2:      lemuel_round_altar, nicolae_overflow_hidden_temple
D:3:      first_bread, uniq_iyjb, uniq_terence, uniq_grinder
Abyss:1:  evilmike_abyss_exit_10

Action                   |  1- 3 |  4- 6 || total
-------------------------+-------+-------++-------
Melee: Falchion          |    94 |   110 ||   204
Invok: Bend Space        |       |     1 ||     1
 Abil: Dig               |     1 |       ||     1
  Use: Potion            |     2 |       ||     2
  Eat: Chunk             |     2 |     3 ||     5
